[Event "MCR rapid mládeže 2023 U16"]
[Site "Harachov, Czech Republic"]
[Date "2023.09.10"]
[Round "8.9"]
[White "Horkova, Tereza"]
[Black "Slivova, Linda"]
[Result "0-1"]
[TimeControl "20min+5s/move"]
[WhiteElo "1720"]
[BlackElo "1386"]

1. e4 d5 2. exd5 Qxd5 3. Nc3 Qd6 4. d4 Nf6 5. Nf3 c6 6. g3 Bg4 7. Bg2 e6 8. Bf4 Qb4 9. Rb1 Nd5 10.
Qd2 Qa5 11. Nxd5 Qxd5 12. Nh4 Qd8 13. O-O Be7 14. Nf3 Nd7 15. Rfe1 O-O 16. Ne5 Nxe5 17. dxe5 Qxd2 18. Bxd2 Rfd8 19.
Bc3 Rd7 20. h3 Bf5 21. Rbc1 Rad8 22. Kh2 Bc5 23. Kg1 Bd4 24. Ba5 b6 25. Bb4 Bxb2 26. Rb1 Bd4 27. Bxc6 Rc7 28. Be4 Bxe4 29. Rxe4 Rxc2 30. Be1 Rxa2 31. Kf1 Bc5 32. Re2 Rxe2 33. Kxe2 Rd5 34. f4 Kf8 35. Ra1 Rd7 36. Ra6 b5 37. Ra5 Rb7 38. Kd3 Ke7 39. Kc2 Kd7 40. Kb3 Kc6 41. Ra1 Rd7 42. Kc2 Kb6 43. Ba5+ Kb7 44.
Bc3 a6 45. Rb1 Bf2 46. g4 Bg3 47. Bd2 Rd4 48. Rf1 h6 49. Rf3 Bh4 50. g5 hxg5 51. fxg5 Rc4+ 52. Kd3 Rc7 53. Ba5 Rd7+ 54.
Ke4 Bxg5 55. Rg3 Bh6 56. Bb4 Kc6 57. Rc3+ Kb7 58. Rg3 Rd5 59. Rf3 Rd7 60. Rg3 f6 61. exf6 gxf6 62. Rg6 Bg5 63.
Rg8 Rh7 64. Kd4 Rh4+ 65. Kc3 Rc4+ 66. Kb3 Rh4 67. Rg7+ Kb6 68. Rd7 Rxh3+ 69. Kb2 Rh2+ 70.
Kb3 Bf4 71. Re7 e5 72. Re6+ Kb7 73.
Re7+ Kc6 74. Re6+ Kd5 75. Rxf6 Rh3+ 76. Kb2 Rh6 77. Rf8 Kc4 78.
Be1 Kd3 79. Rc8 e4 80. Ba5 e3 81. Rc3+ Ke4 82. Rc8 Kf3 83. Kc2 Rd6 84. Rf8 e2 85. Kb3 Rd1 86. Kc2 e1=Q 87. Bxe1 Rxe1 88.
Kb3 Re4 89. Rf6 a5 90. Rf5 Re5 91.
Rf6 Ke3 92. Ra6 a4+ 93. Kb4 Kd3 94. Rc6 Bd2+ 95. Ka3 Re4 96. Rc5 Bb4+ 97. Kb2 Bxc5 98. Kb1 a3 99. Ka2 Re2+ 100. Kb3 Re4 101. Ka2 b4 102. Kb1 b3 103. Kc1 Re1# 0-1

[Event "MCR rapid mládeže 2023 U16"]
[Site "Harachov, Czech Republic"]
[Date "2023.09.10"]
[Round "8.10"]
[White "Barteckova, Valerie"]
[Black "Nguyen, Nhat Minh Thu"]
[Result "1-0"]
[TimeControl "20min+5s/move"]
[WhiteElo "1498"]
[BlackElo "1405"]

1. d4 d5 2. Nf3 Bf5 3. Bf4 Nf6 4. e3 e6 5. Bd3 Bg4 6. h3 Bxf3 7. Qxf3 h6 8. c3 Be7 9. Nd2 c5 10.
O-O Nc6 11. Qe2 O-O 12. dxc5 Bxc5 13. e4 e5 14. exd5 exf4 15. dxc6 bxc6 16. Qf3 Rc8 17. Ne4 Bd6 18. Rad1 Nxe4 19.
Qxe4 g6 20. Bc4 Qf6 21. Rfe1 Rfd8 22. Bb3 Rd7 23. Qd4 Qxd4 24. Rxd4 Rdd8 25. Red1 Bc7 26. Rd7 Rf8 27. Re1 Bb6 28.
Ree7 Rfd8 29. Rxf7 Rxd7 30. Rxd7+ Kf8 31. Rf7+ Ke8 32. Rxf4 Rd8 33. Re4+ Kf8 34. Re2 c5 35. Kf1 a6 36. Re6 Bc7 37. Ke2 Re8 38. Rxe8+ Kxe8 39. Kd3 Ke7 40. Ke4 Bb6 41.
Kd5 Kd7 42. Ba4+ Kc7 43. Be8 g5 44. Ke6 c4 45. Kf6 Bxf2 46. Kg6 Be3 47. Kxh6 Kd6 48. Kg6 Ke5 49. Bc6 Bf4 50. Kf7 Bc1 51. b3 cxb3 52. axb3 a5 53. c4 Be3 54. g3 Bf2 55. g4 Be3 56. Ke7 Bf2 57. Kd7 Bb6 58. Bg2 Bc5 59.
Kc6 Bb4 60. Kb5 Kf4 61. c5 Ke5 62. c6 Kd6 63. Kb6 Bc3 64. c7 Bd4+ 65. Kb7 a4 66. bxa4 Bc5 67. c8=Q 1-0

[Event "MCR rapid mládeže 2023 U16"]
[Site "Harachov, Czech Republic"]
[Date "2023.09.10"]
[Round "8.11"]
[White "Kammova, Katerina"]
[Black "Buchtova, Viktorie"]
[Result "0-1"]
[TimeControl "20min+5s/move"]
[WhiteElo "1393"]
[BlackElo "1556"]

1. e4 c5 2. Be2 g6 3. f4 Bg7 4. Nf3 d6 5. d3 Nc6 6. c3 Qc7 7. O-O Nf6 8. a4 O-O 9. Na3 a6 10.
Kh1 Bd7 11. Be3 Rab8 12. Qd2 b5 13. Nc2 bxa4 14. Rxa4 Rxb2 15. Rxa6 Ng4 16. Bg1 Na5 17. d4 c4 18. Qc1 Rfb8 19.
Nd2 R2b7 20. Qa3 Nb3 21.
Nxb3 cxb3 22. Nb4 Qxc3 23. Nd5 Qc2 24. Bxg4 Bxg4 25. Ne3 Qe2 26. Nxg4 Qxf1 27. Ra8 Bxd4 28. Rxb8+ Rxb8 0-1

[Event "MCR rapid mládeže 2023 U16"]
[Site "Harachov, Czech Republic"]
[Date "2023.09.10"]
[Round "8.12"]
[White "Dorazilova, Kristyna"]
[Black "Bartova, Hana"]
[Result "0-1"]
[TimeControl "20min+5s/move"]
[WhiteElo "1517"]
[BlackElo "1389"]

1. e4 e5 2. Nc3 Nc6 3. g3 Bc5 4.
Bg2 d6 5. Na4 Bb6 6. Nxb6 axb6 7. Ne2 Nf6 8. O-O Bd7 9. d3 Qc8 10. f4 Bg4 11. f5 Nd4 12. Rf2 Bxe2 13. Rxe2 Nxe2+ 14. Qxe2 h6 15. d4 O-O 16. dxe5 dxe5 17. g4 Nh7 18. h4 Qd8 19. g5 hxg5 20. hxg5 Nxg5 21. Qg4 Nh7 22. Kh2 Qf6 23.
Be3 g5 24. fxg6 Qxg6 25. Qd7 Nf6 26. Qh3 Ng4+ 27. Kg1 Nxe3 28. Qxe3 Rfd8 29. Kf2 Qf6+ 30. Ke2 Rd6 31. Rf1 Qh6 32.
Qg3+ Qg6 33. Qh3 Rad8 34. Kf3 Rf6+ 35. Ke2 Rxf1 36. Bxf1 Qxe4+ 37. Kf2 Rd2+ 38. Kg1 Qd4+ 39. Kh1 Qd5+ 40.
Kg1 Qe6 41. Qg3+ Qg6 42. Qxg6+ fxg6 43. Bd3 Kf7 44. Kf1 Rd1+ 45. Ke2 Rh1 46. Be4 Rh2+ 47. Kd3 c6 48. Kc4 g5 49. b4 g4 50. b5 cxb5+ 51. Kxb5 g3 52.
Kxb6 g2 53. Bxg2 Rxg2 54. a4 Rxc2 55. a5 Kf6 56. Kxb7 Kf5 57. a6 Ra2 58. a7 Rxa7+ 59. Kxa7 e4 0-1

[Event "MCR rapid mládeže 2023 U16"]
[Site "Harachov, Czech Republic"]
[Date "2023.09.10"]
[Round "8.13"]
[White "Kaplanova, Dominika"]
[Black "Kovarova, Karolina"]
[Result "1-0"]
[TimeControl "20min+5s/move"]
[WhiteElo "1461"]
[BlackElo "1006"]

1. e4 e5 2. Nf3 Nc6 3. c3 Nf6 4. d3 Bc5 5. Be2 d5 6. exd5 Nxd5 7. O-O Nf4 8. d4 Nxe2+ 9. Qxe2 Be7 10.
Nxe5 O-O 11. Nxc6 bxc6 12. Bf4 Re8 13. Qf3 Bd7 14. Nd2 Qc8 15. Qg3 Bf6 16. Bg5 Be7 17. Bxe7 Rxe7 18. Rfe1 Rxe1+ 19. Rxe1 Qb7 20. Nb3 h6 21. Nc5 Qc8 22. Nxd7 Qxd7 23. h3 Rb8 24. b3 Rb5 25. Qe3 Rb8 26. Qe7 Qc8 27. Re3 Qd8 28.
Qxd8+ Rxd8 29. Re7 Rc8 30. Re5 a6 31. Ra5 Ra8 32. Kf1 Kf8 33. Rc5 Ke8 34. Rxc6 Kd7 35. Rc5 Kd6 36. Re5 a5 37. Ke2 a4 38.
b4 Rb8 39. Kd3 f6 40. Ra5 Kc6 41. Rxa4 Kb5 42. Ra5+ Kb6 43. a4 Kb7 44. Rb5+ Ka7 45. Rxb8 Kxb8 46. Kc4 Kb7 47. Kc5 c6 48. a5 Kc7 49. a6 Kb8 50. Kxc6 Ka7 51. b5 Kb8 52. b6 Ka8 53. a7 g5 54. Kb5 Kb7 55.
c4 h5 56. c5 g4 57. c6+ Ka8 58.
Ka6 gxh3 59. b7# 1-0

[Event "MCR rapid mládeže 2023 U16"]
[Site "Harachov, Czech Republic"]
[Date "2023.09.10"]
[Round "8.14"]
[White "Mikesova, Lenka"]
[Black "Lackova, Ludmila"]
[Result "1-0"]
[TimeControl "20min+5s/move"]
[WhiteElo "1410"]
[BlackElo "1479"]

1. e4 e5 2. Nf3 Nf6 3.
Bc4 Nxe4 4. Qe2 Nd6 5. Qxe5+ Qe7 6. Qxe7+ Bxe7 7. Bb3 O-O 8. O-O Nc6 9. d3 Bf6 10. c3 Nf5 11. Bg5 Bxg5 12.
Nxg5 h6 13. Nf3 d6 14. Re1 Bd7 15. Nbd2 Rfe8 16. Nf1 Kf8 17. Ne3 Re7 18. Nd5 Rxe1+ 19. Rxe1 Rc8 20. h3 Nce7 21. Nxe7 Nxe7 22.
Kf1 Nc6 23. Re3 Re8 24. Ke2 Rxe3+ 25. Kxe3 Be6 26. Bxe6 fxe6 27. Nd4 Nxd4 28. Kxd4 Ke7 29. c4 e5+ 30. Ke4 Ke6 31. f4 exf4 32.
Kxf4 Kf6 33. d4 c6 34. c5 dxc5 35. dxc5 g6 36. b4 Ke6 37. Ke4 Kf6 38. a4 a6 39. g4 Ke6 40. h4 h5 41.
g5 Ke7 1-0

[Event "MCR rapid mládeže 2023 U16"]
[Site "Harachov, Czech Republic"]
[Date "2023.09.10"]
[Round "8.15"]
[White "Boff, Ondrej"]
[Black "Mik, Tomas"]
[Result "1/2-1/2"]
[TimeControl "20min+5s/move"]
[WhiteElo "1486"]
[BlackElo "1802"]

1. e4 c5 2. Nf3 e6 3. c4 d6 4. d4 cxd4 5. Nxd4 Nf6 6. Nc3 Be7 7. Be2 O-O 8. O-O Nc6 9. Be3 Bd7 10.
Qd2 Nxd4 11. Bxd4 Bc6 12. f3 Qc7 13. Rac1 a6 14. Rfd1 Rfd8 15. Nd5 Bxd5 16. cxd5 Qd7 17. Bc4 e5 18.
Be3 Rdc8 19. Bb6 Bd8 20. Be3 Rc7 21. Bf2 Rac8 22. Bd3 h6 23. Be3 Kh7 24. Rxc7 Qxc7 25. Kf1 Nd7 26. Ke2 Qa5 27.
Qxa5 Bxa5 1/2-1/2

[Event "MCR rapid mládeže 2023 U16"]
[Site "Harachov, Czech Republic"]
[Date "2023.09.10"]
[Round "8.16"]
[White "Svadlenka, Michal"]
[Black "Honcharov, Makar"]
[Result "1-0"]
[TimeControl "20min+5s/move"]
[WhiteElo "1451"]
[BlackElo "1593"]

1. e4 c5 2. Nf3 d6 3. d4 cxd4 4. Nxd4 Nf6 5. Nc3 g6 6. Be3 Bg7 7. f3 a6 8. Qd2 h5 9. O-O-O b5 10. Be2 Bb7 11. h4 Nbd7 12.
Nb3 Rc8 13. Nd5 Bxd5 14. exd5 Ne5 15. Kb1 Qc7 16. Rhe1 b4 17. Bxa6 O-O 18. Bxc8 Rxc8 19. Qf2 Nc4 20. Bd4 Nxd5 21.
Bxg7 Na3+ 22. bxa3 bxa3 23. Rxd5 Kxg7 24. Rd3 e5 25. Ree3 Qa7 26. Re2 Qc7 27. Ree3 Qa7 28. Qe1 Qc7 29.
Qd2 Qe7 30. Rxd6 Qxh4 31. Qe1 Qc4 32. Qe2 Qb4 33. Rdd3 f6 34. Qd2 Qb6 35. Rd7+ Kg8 36. Rd6 Qb5 37. Qd5+ Qxd5 38. Rxd5 Rc4 39.
Ra5 1-0

[Event "MCR rapid mládeže 2023 U16"]
[Site "Harachov, Czech Republic"]
[Date "2023.09.10"]
[Round "8.17"]
[White "Kozdon, Marek"]
[Black "Tejnor, Martin"]
[Result "1/2-1/2"]
[TimeControl "20min+5s/move"]
[WhiteElo "1548"]
[BlackElo "1434"]

1. d4 Nf6 2. c4 g6 3. Nc3 d5 4. e3 Bg7 5. Qb3 dxc4 6. Bxc4 O-O 7. Nf3 Nc6 8. Be2 Bf5 9. O-O Rb8 10.
Bd2 Ne4 11. Nxe4 Bxe4 12. Rfd1 e6 13. Rac1 Qe7 14. a3 Rfd8 15. Bc3 h6 16. Nd2 Bd5 17. Qc2 e5 18. dxe5 Nxe5 19. e4 Bc6 20.
f3 a6 21. Nf1 Rxd1 22. Rxd1 Rd8 23. Rxd8+ Qxd8 24. Qd1 Qxd1 25. Bxd1 Nd3 26. Be2 Bxc3 27. bxc3 Ne5 28. Ne3 Kg7 29.
Kf2 Nd7 30. Nc4 b6 31. Ke3 Bb5 32. Bd3 Kf6 33. Nb2 Bc6 34. Kd4 Ne5 35. Be2 Bb7 36. Nc4 Nxc4 37. Bxc4 c5+ 38. Ke3 b5 39.
Bb3 a5 40. g4 Ke7 41. f4 f6 42. Bc2 Ke6 43. h4 g5 44. hxg5 hxg5 45. Bd3 Bc6 46. Bc2 Kd6 47. Bb3 a4 1/2-1/2

[Event "MCR rapid mládeže 2023 U16"]
[Site "Harachov, Czech Republic"]
[Date "2023.09.10"]
[Round "8.18"]
[White "Mydlar, Matej"]
[Black "Chernyy, Andrey"]
[Result "1-0"]
[TimeControl "20min+5s/move"]
[WhiteElo "1711"]
[BlackElo "1582"]

1. e4 e5 2. Nf3 Nc6 3.
Bb5 a6 4. Ba4 Nf6 5. O-O b5 6. Bb3 Be7 7. Re1 O-O 8. c3 d6 9. h3 Nb8 10. d4 Nbd7 11. Nbd2 Bb7 12. Bc2 Re8 13. Nf1 Bf8 14. Ng3 g6 15.
Nh2 c5 16. d5 Bg7 17. f4 exf4 18. Bxf4 Ne5 19. Nf3 Nfd7 20. Qc1 Nxf3+ 21. gxf3 Be5 22. Kg2 Bxf4 23. Qxf4 Qf6 24. Qxf6 Nxf6 25.
b3 Nd7 26. Rad1 Rac8 27. c4 b4 28. f4 f6 29. Kf2 Kf7 30. Rc1 Re7 31. Re2 Rce8 32. Rce1 Kg7 33. h4 Kf7 34. h5 Kg8 35.
h6 Kf7 36. Re3 Kg8 37. Bd1 Bc8 38. Bg4 Nb6 39. Bxc8 Nxc8 40. Kf3 Nb6 41. Rg1 Kf7 42. Rg2 Nd7 43. Ree2 Kf8 44. Rg1 Kf7 45.
Reg2 Kf8 46. Ra1 a5 47. Rd1 Kf7 48. Rc1 Kf8 49. Rcg1 Kf7 50. Nf5 Kg8 51. Nxd6 Rd8 52. Nf5 Rf7 53. Ne3 Re7 54. Ng4 Rde8 55.
Re2 Kf7 56. Rge1 Nb6 57. e5 fxe5 58. fxe5 Kg8 59. Kg3 Nd7 60. e6 Nb6 61. Nf6+ Kf8 62. Nxe8 Kxe8 63. Rf1 Kd8 64. Ref2 Kc7 65.
Rf7 Kd6 66. Rxe7 Kxe7 67. Rf8 Ke8 1-0

[Event "MCR rapid mládeže 2023 U16"]
[Site "Harachov, Czech Republic"]
[Date "2023.09.10"]
[Round "8.19"]
[White "Sochor, Antonin"]
[Black "Sotek, Matej"]
[Result "1-0"]
[TimeControl "20min+5s/move"]
[WhiteElo "1480"]
[BlackElo "1410"]

1. Nf3 d5 2. g3 Nf6 3. Bg2 Bf5 4. O-O e6 5. d3 c5 6. Nfd2 Nc6 7. e4 Bg6 8. Nc3 d4 9. Ne2 e5 10. f4 Bh5 11. h3 Bxe2 12.
Qxe2 Bd6 13. Nf3 Nh5 14. Nxe5 Nxg3 15. Qf3 Nxf1 16. Nxc6 bxc6 17. e5 O-O 18. Qxf1 Bc7 19. Kh1 Qe7 20.
Bxc6 Rab8 21. b3 Rb6 22. Bd5 Qd7 23. Qg2 Rh6 24. f5 Rxh3+ 25. Qxh3 Qxd5+ 26. Qg2 Qxe5 27. Bh6 Re8 28. Rf1 Qh2+ 29. Qxh2 Bxh2 30. Kxh2 gxh6 31.
Rf2 Kg7 32. Kg3 Kf6 33. Kf4 Re5 34. Kg4 h5+ 35. Kh4 Rxf5 36. Re2 Re5 37. Rf2+ Ke6 38. Rf4 f6 39. b4 Rf5 40. Re4+ Re5 41. bxc5 Rxe4+ 42. dxe4 a6 43.
Kxh5 a5 44. a4 Ke5 45. Kh4 Ke6 46. Kg4 Kd7 47. Kf5 h5 48. Kxf6 h4 49. e5 h3 50. e6+ Kc7 51. e7 h2 52. e8=Q h1=Q 53. Qe7+ Kc8 54. Qe6+ Kd8 55. Qd6+ Kc8 56. Qa6+ Kb8 57. Qb6+ Kc8 1-0

[Event "MCR rapid mládeže 2023 U16"]
[Site "Harachov, Czech Republic"]
[Date "2023.09.10"]
[Round "8.20"]
[White "Zrust, Lukas"]
[Black "Rudlof, Adam"]
[Result "0-1"]
[TimeControl "20min+5s/move"]
[WhiteElo "1519"]
[BlackElo "1436"]

1. d4 Nf6 2. c4 c5 3.
Nf3 cxd4 4. Nxd4 Nc6 5. g3 g6 6. Bg2 Bg7 7. Nxc6 bxc6 8. Nc3 O-O 9. O-O Ba6 10. Qa4 Qc8 11. e4 Ng4 12. Rd1 Ne5 13. Bf1 Nf3+ 14. Kg2 Nd4 15.
Be3 e5 16. Ne2 c5 17. Nc3 Re8 18. Nd5 Bb7 19. Rac1 d6 20. h3 h6 21. a3 Bc6 22. Qa5 Nb3 23. Qc7 Bxd5 24. Qxc8 Raxc8 25. Rc3 Bxe4+ 26. f3 Bxf3+ 27. Kxf3 Nd4+ 28. Kf2 e4 29.
Bg2 f5 30. b4 g5 31. Rcc1 Rf8 32. Kf1 f4 33. gxf4 gxf4 34. Bxd4 Bxd4 35. Bxe4 Rce8 36. Bd5+ Kg7 37. Rd2 Be3 38. Rg2+ Kf6 39. Re1 Re5 40.
Rge2 Rfe8 41. b5 Bd4 42. Rxe5 dxe5 43. Be4 Rg8 44. Ke2 Rg3 45. a4 Rxh3 46. a5 Re3+ 47. Kd1 Rxe1+ 48. Kxe1 Bc3+ 49. Kf2 Bxa5 50. Kf3 Kg5 51. Bd5 h5 52. Be4 h4 53. Bd5 Be1 54. Be6 Kf6 55. Bd7 Ke7 56. Bf5 Kd6 57.
Bc8 Kc7 58. Bf5 Kb6 59. Ke4 Bc3 60. Kf3 Ka5 61. Bh3 Kb4 62. Bf1 h3 63. Bxh3 Kxc4 64. Bf1+ Kd4 65. Be2 c4 66. Bf1 Kc5 67. Ke4 Bd4 68. Be2 Kxb5 69.
Kd5 a5 70. Bxc4+ Kb4 71. Be2 a4 72.
Bc4 f3 0-1

[Event "MCR rapid mládeže 2023 U16"]
[Site "Harachov, Czech Republic"]
[Date "2023.09.10"]
[Round "8.21"]
[White "Komarek, Tobias"]
[Black "Frantsev, Iegor"]
[Result "0-1"]
[TimeControl "20min+5s/move"]
[WhiteElo "1312"]
[BlackElo "1431"]

1. c4 c6 2. g3 d5 3. cxd5 cxd5 4. d4 Nf6 5. Bg2 Nc6 6. Nc3 Bf5 7. Bg5 e6 8. Nf3 Be7 9. O-O O-O 10.
Bf4 Bd6 11. Bxd6 Qxd6 12. Nh4 Bg6 13. e3 a6 14. Na4 Nd7 15. Rc1 Rac8 16. Qd2 Na7 17. Rxc8 Rxc8 18. Rc1 Rc6 19. Rxc6 Qxc6 20.
Qc3 Qxa4 21. Bf3 Qc6 22. Qb4 Bd3 23. Qd2 Qc2 24. Qxc2 Bxc2 25. Be2 Be4 26. f3 Bb1 27. a3 Ba2 28.
Ng2 Bc4 29. Bd1 Bb5 30. Ne1 Nb6 31. Kf2 Nc4 32. a4 Nxb2 33. axb5 Nxd1+ 34. Ke2 Nc3+ 35. Kd3 Ncxb5 36. Nc2 Nc6 37.
e4 dxe4+ 38. fxe4 Nbxd4 39. Nxd4 Nxd4 40. Kxd4 b5 41. Kc5 Kf8 42. e5 Ke7 0-1

[Event "MCR rapid mládeže 2023 U16"]
[Site "Harachov, Czech Republic"]
[Date "2023.09.10"]
[Round "8.22"]
[White "Bara, Jan"]
[Black "Krasovskyi, Stanislav"]
[Result "1-0"]
[TimeControl "20min+5s/move"]
[WhiteElo "1823"]
[BlackElo "1212"]

1. c4 c5 2. Nc3 Nc6 3. g3 g6 4. Bg2 Bg7 5. Nf3 Nf6 6. O-O O-O 7. e3 e6 8. d4 d6 9. b3 cxd4 10. Nxd4 Nxd4 11. exd4 Qb6 12.
Bb2 e5 13. Na4 Qc7 14. Re1 Bd7 15. dxe5 dxe5 16. Bxe5 Qc8 17. Nc3 Rd8 18. Bxf6 Bxf6 19. Nd5 Kg7 20. Nxf6 Kxf6 21. Qd4+ Kg5 22.
Qg7 Bh3 23. f4+ Kg4 24. Bxh3+ Kf3 25. Qc3+ Rd3 26. Qxd3# 1-0

[Event "MCR rapid mládeže 2023 U16"]
[Site "Harachov, Czech Republic"]
[Date "2023.09.10"]
[Round "8.23"]
[White "Barteckova, Nikol"]
[Black "Kusova, Nikola"]
[Result "1-0"]
[TimeControl "20min+5s/move"]
[WhiteElo "1246"]
[BlackElo "1247"]

1. e4 e5 2. Nc3 Nf6 3. f4 Nc6 4. Nf3 d6 5. f5 Be7 6. Bc4 O-O 7. O-O Nd4 8. d3 Nxf3+ 9. Qxf3 Bd7 10.
Nd5 Nxd5 11. Bxd5 c6 12. Bb3 a5 13. a3 a4 14. Ba2 Bg5 15. Be3 Bxe3+ 16. Qxe3 Ra5 17. Rab1 Rb5 18. Qf2 Qb6 19. Bc4 Qxf2+ 20. Rxf2 Ra5 21. Rbf1 d5 22. Ba2 f6 23. g4 Kh8 24. h4 h6 25. Rh2 Be8 26. Rff2 Bf7 27. Rfg2 d4 28. Bxf7 Rxf7 29.
c3 c5 30. c4 Ra8 31. g5 h5 32. Kf2 Ra6 33. Kf3 Rb6 34. Rh1 Rb3 35. Rd1 Rc7 36. Rdd2 Rc6 37. Ke2 Rcb6 38. Kd1 Rc6 39.
Kc1 Rc7 40. Rg3 Rd7 41. Rdg2 Rb6 42. Kc2 Rc6 43. Rg1 Rb6 44. Rb1 Rc7 45. b3 Ra6 46. b4 Rac6 47. Rb2 Rd7 48. Rg1 Rcc7 49.
Rgb1 b6 50. Rg1 Rd8 51. Kb1 Rg8 52. Rbg2 Rc6 53. Ka2 Rd6 54. Rb1 Rb8 55. bxc5 Rc6 56. cxb6 Rcxb6 57. Rxb6 Rxb6 58. gxf6 gxf6 59.
Rb2 Rc6 60. Rb4 Ra6 61. Kb2 Kg7 62. Kc2 Kf8 63. Kb2 Ke7 64. Ka2 Kd8 65. Rb7 Ke8 66. c5 Rc6 67. Rb5 Kd7 68. Ra5 Kc8 69.
Kb2 Kd7 70. Rxa4 Rxc5 71. Rc4 Rb5+ 72. Kc2 Ra5 73. a4 Ra7 74. Kb3 Rb7+ 75. Ka3 Ra7 76. Rc5 Rb7 77. a5 Ra7 78. Kb4 Rb7+ 79.
Rb5 Rc7 80. Rc5 Rb7+ 81. Kc4 Ra7 82.
Kb5 Rb7+ 83. Ka6 Rb3 84. Rb5 Rxd3 85. Kb6 Rc3 86. Rd5+ Kc8 87. a6 Rb3+ 88. Kc5 Rc3+ 89. Kb4 Rc6 90.
Kb5 Rc7 91. Rd6 Rc2 92. a7 Rb2+ 93. Kc4 Kb7 94. Rxf6 Kxa7 95. Re6 Rc2+ 96. Kd3 Rc3+ 97. Kd2 Rc5 98. Rh6 Ra5 99. Rxh5 Ra2+ 100. Kc1 d3 101. Rh7+ Kb6 102. Rd7 Rc2+ 103. Kd1 Rc3 104. Kd2 Rc2+ 105. Kxd3 Rh2 106. Rh7 Rh3+ 107. Ke2 Ra3 108. h5 Ra2+ 109. Kf3 Ra3+ 110. Kg4 Re3 111. Re7 Rxe4+ 112. Kg5 Re1 113. f6 Rg1+ 114. Kf5 1-0

[Event "MCR rapid mládeže 2023 U16"]
[Site "Harachov, Czech Republic"]
[Date "2023.09.10"]
[Round "8.24"]
[White "Kratka, Tereza"]
[Black "Jakubse, Tamae Severina"]
[Result "1-0"]
[TimeControl "20min+5s/move"]
[WhiteElo "1147"]
[BlackElo "1223"]

1. c4 e5 2. Nc3 Nf6 3. g3 Bb4 4.
Bg2 Nc6 5. a3 Bxc3 6. bxc3 d6 7. Nf3 Be6 8. d3 h6 9. O-O O-O 10. Bb2 Qd7 11. Nd2 Bh3 12. Qc2 Bxg2 13. Kxg2 d5 14.
cxd5 Qxd5+ 15. e4 Qd7 16. Nf3 Rad8 17. d4 exd4 18. cxd4 Nh7 19. d5 Ne7 20. Qc3 f6 21. Qb3 Kh8 22.
Rab1 c6 23. dxc6 Qxc6 24. Rfe1 Qa6 25. Bd4 b6 26. h4 Nc6 27. Bc3 Rd3 28. Rec1 Na5 29. Qb2 Qb7 30. Re1 Nc4 31. Qc2 Rfd8 32.
Bb4 Ne5 33. Nxe5 fxe5 34. f3 Qf7 35. Rf1 Qd7 36. g4 Rc8 37. Qb2 a5 38. Be1 Rc6 39. Qxe5 Rxa3 40. Qb8+ Qc8 41. Qxc8+ Rxc8 42.
Rxb6 Nf6 43. Ra6 a4 44. Bb4 Ra2+ 45. Kg3 Rb8 46. Bc3 Ne8 47. Rg6 Kh7 48. h5 Rb3 49. Be5 Rd3 50. Rc1 Rdd2 51.
Kf4 Rd8 52. Rb1 Rad2 53. Rb7 R2d7 54. Rb4 Ra7 55. Rb8 Rxb8
56. Bxb8 Rf7+ 57. Ke3 a3 58.
Be5 Ra7 59. Kf4 a2 60. Ba1 Rf7+ 61. Kg3 Ra7 62. Kh4 Ra3 63. f4 Nf6 64. e5 Ne4 65. e6 Nf6 66. g5 hxg5+ 67. Rxg5 Re3 68.
Re5 Rxe5 69. fxe5 Ne8 70. Kg5 Nc7 71. e7 Ne8 72. e6 Nc7 73. Kf5 Ne8 74. Ke5 g6 75. Kd6 gxh5+ 76. Kd7 Nf6+ 77. Kd8 Kg7 78. e8=Q 1-0

[Event "MCR rapid mládeže 2023 U16"]
[Site "Harachov, Czech Republic"]
[Date "2023.09.10"]
[Round "8.25"]
[White "Vancakova, Veronika"]
[Black "Mojzisova, Barbora"]
[Result "0-1"]
[TimeControl "20min+5s/move"]
[WhiteElo "1433"]
[BlackElo "1220"]

1. d4 d5 2. c4 e6 3. Nc3 Nf6 4.
Bg5 Be7 5. e3 O-O 6. Nf3 Nc6 7.
Bd3 h6 8. Bh4 dxc4 9. Bxc4 Bd7 10. O-O Ne8 11. Bg3 Nd6 12. Bd3 Nb4 13. Bb1 Bc6 14. a3 Nd5 15. Qd3 g6 16. Ne5 Nf5 17.
Nxd5 exd5 18. Nxc6 bxc6 19. Bf4 Bg5 20. Bxg5 Qxg5 21. Qc3 Nh4 22. g3 Qg4 23. Rc1 Nf3+ 24. Kg2 Nh4+ 25. Kf1 Qh3+ 26.
Ke2 Qg4+ 27. Kf1 Qh3+ 28. Ke1 Nf3+ 29. Ke2 Nxh2 30. Qxc6 Qg4+ 31. Kd3 Qf5+ 32. Kc3 Qxf2 33. Bxg6 Qxe3+ 34. Bd3 Nf3 35. Qf6 Qd2+ 36. Kb3 0-1

[Event "MCR rapid mládeže 2023 U16"]
[Site "Harachov, Czech Republic"]
[Date "2023.09.10"]
[Round "8.26"]
[White "Strazhnyk, Viktoriia"]
[Black "Nova, Anezka"]
[Result "0-1"]
[TimeControl "20min+5s/move"]
[WhiteElo "1392"]
[BlackElo "1382"]

1. e4 e6 2. d4 d5 3. exd5 exd5 4. c4 Nf6 5. Nc3 Bb4 6. Qe2+ Be6 7. cxd5 Nxd5 8. Bd2 O-O 9. O-O-O Nxc3 10. Bxc3 Qg5+ 11. Kb1 Qa5 12.
Bxb4 Qxa2+ 13. Kc2 Qb3+ 14. Kc1 Qxb4 15. Qb5 Qxb5 16. Bxb5 Rd8 17. Nf3 a6 18. Ba4 b5 19. Bc2 Nc6 20.
Be4 Bd5 21. Bxd5 Rxd5 22. Rhe1 Rad8 23. Re4 Kf8 24. Rd3 Nb4 25. Rb3 a5 26. Kd2 c5 27. Kc3 cxd4+ 28. Rxd4 Na2+ 29. Kc2 Rxd4 30.
Nxd4 Rxd4 31. Rxb5 Nb4+ 32. Kc3 Rd5 33. Rxd5 Nxd5+ 34. Kc4 Nc7 35. Kc5 a4 36. Kb4 Ke7 37. Kxa4 Kd6 38. Kb4 f5 39.
Kc4 g5 40. Kd4 Ne6+ 41. Ke3 Nf4 42. g3 Nd5+ 43. Kf3 Ke5 44. h3 h5 45. g4 h4 46. gxf5 Kxf5 47. b3 Nf4 48. b4 Nd5 49. b5 Nb6 50. Ke3 Nd7 51.
Kf3 Ne5+ 52. Ke3 Nc4+ 53. Kf3 Kf6 54. Kg4 Ne5+ 55. Kh5 Kf5 56. b6 Nd7 57. b7 Nb8 58. Kh6 Kf4 59. Kh5 Kf5 60.
Kh6 g4 61. hxg4+ Kxg4 62. Kg6 h3 63. Kf6 h2 64. Ke6 h1=Q 65. Ke5 Qxb7 66. f4 Qe7+ 67.
Kd5 Kxf4 0-1

[Event "MCR rapid mládeže 2023 U16"]
[Site "Harachov, Czech Republic"]
[Date "2023.09.10"]
[Round "8.27"]
[White "Janouskova, Eliska"]
[Black "Stepankova, Linda"]
[Result "0-1"]
[TimeControl "20min+5s/move"]
[WhiteElo "1333"]
[BlackElo "1124"]

1. e4 d5 2. exd5 Qxd5 3. Nc3 Qd6 4. d4 c6 5. Nf3 Bg4 6. Be3 e6 7. Be2 Nd7 8. h3 Bh5 9. Qd2 Qc7 10.
O-O-O Ngf6 11. g4 Bg6 12. Nh4 Bd6 13. Nxg6 hxg6 14. f4 O-O-O 15. Rde1 Rhe8 16. Rhf1 Bb4 17. a3 Ne4 18. Qd3 Bxc3 19. bxc3 Ng3 20.
Rf2 Nxe2+ 21. Rfxe2 f5 22. Kb2 Nf6 23. g5 Ne4 24. Ka2 c5 25. Rb1 c4 0-1

[Event "MCR rapid mládeže 2023 U16"]
[Site "Harachov, Czech Republic"]
[Date "2023.09.10"]
[Round "8.28"]
[White "Hujova, Tess"]
[Black "Peskova, Sara"]
[Result "1-0"]
[TimeControl "20min+5s/move"]
[WhiteElo "1104"]
[BlackElo "1451"]

1. e4 e5 2. Nf3 Nc6 3. d4 exd4 4. Nxd4 Bc5 5. Be3 d6 6. Nxc6 bxc6 7. Bxc5 dxc5 8. Qxd8+ Kxd8 9. Bc4 Be6 10.
Bxe6 fxe6 11. Nc3 Nf6 12. O-O-O+ Ke7 13. f3 Rad8 14. Na4 c4 15. Rd2 Rxd2 16. Kxd2 Rd8+ 17. Kc3 Nh5 18. g3 Kd6 19.
Rd1+ Ke7 20. Rxd8 Kxd8 21. Kxc4 Kd7 22. Nc5+ Kd6 23. f4 e5 24. f5 g6 25. fxg6 hxg6 26. Nb7+ Ke6 27. Kc5 Kd7 28.
Na5 Nf6 29. Nxc6 Nxe4+ 30. Kd5 Nf6+ 31. Kxe5 Ng4+ 32. Kf4 Kxc6 33. Kxg4 a5 34. Kg5 Kb5 35. Kxg6 c5 36. h4 Kc4 37.
h5 Kd4 38. h6 Ke3 39. h7 Kd2 40. h8=Q Kxc2 41. Qc3+ Kd1 42. Kf5 Ke2 43. Ke4 Kf2 44. g4 Kg2 45. Qe3 Kh2 46. Qf3 Kg1 47.
Ke3 Kh2 48. Kf2 c4 49. Qg2 1-0

[Event "MCR rapid mládeže 2023 U16"]
[Site "Harachov, Czech Republic"]
[Date "2023.09.10"]
[Round "8.29"]
[White "Moravec, Rene"]
[Black "Velim, Vojtech"]
[Result "0-1"]
[TimeControl "20min+5s/move"]
[WhiteElo "1165"]
[BlackElo "1799"]

1. e4 c6 2. d4 d5 3.
Nc3 dxe4 4. Nxe4 Bf5 5.
Ng3 Bg6 6. Nf3 e6 7. Be2 Nf6 8.
Be3 Bd6 9. O-O Nbd7 10. c3 Qc7 11. Nh4 O-O-O 12. b4 Be7 13. Nf3 Nd5 14. Bd2 h5 15. h4 e5 16. c4 N5f6 17. d5 c5 18.
bxc5 Bxc5 19. Qb3 Ng4 20. Be3 Bxe3 21. fxe3 e4 22. d6 Qxd6 23. Rab1 b6 24. c5 Nxc5 25. Rbc1 Qxg3 26. Ba6+ Kb8 27.
Rb1 exf3 28. Qxb6+ axb6 29. Rxb6+ Ka7 0-1

[Event "MCR rapid mládeže 2023 U16"]
[Site "Harachov, Czech Republic"]
[Date "2023.09.10"]
[Round "8.30"]
[White "Fadrny, Jachym"]
[Black "Trejbal, Jindrich"]
[Result "1-0"]
[TimeControl "20min+5s/move"]
[WhiteElo "1347"]
[BlackElo "1088"]

1. e4 e5 2. Nf3 Nf6 3. Nxe5 d6 4. Nf3 Nxe4 5. d3 Nf6 6. Bg5 Be7 7. Be2 O-O 8. O-O h6 9. Bh4 Nc6 10.
Nc3 Be6 11. d4 d5 12. Ne5 Nh7 13. Nxc6 bxc6 14. Bxe7 Qxe7 15. Re1 Qd6 16. Na4 Nf6 17. Nc5 Ne4 18. Nxe4 dxe4 19. Bf1 f5 20.
b3 Rf6 21. c3 Kh7 22. Qc2 Rg8 23. Rad1 g5 24. c4 Rfg6 25. Rd2 g4 26. g3 Rg5 27. Red1 Bf7 28. d5 c5 29. Qb2 R8g6 30.
Qc2 Rg7 31. a3 R5g6 32. b4 Be8 33.
b5 Rd7 34. Bg2 Qb6 35. Qc3 Qf6 36. Qb3 Qb6 37. a4 Qa5 38. Qa3 Qb6 39. a5 Qd6 40. Rb1 Bf7 41. Rdb2 Qe7 42. b6 cxb6 43. axb6 axb6 44. Rxb6 Rxb6 45.
Rxb6 Ra7 46. Qb2 Be8 47. Qc1 Qg7 48. Qe3 Ra1+ 49. Bf1 Qa7 50. Qxh6+ Kg8 51. Qe6+ Bf7 52. Qc8+ Kg7 53. Rb8 Qa5 54.
Qf8+ Kf6 55. Qd6+ Kg7 56. Qe5+ Kg6 57. Rc8 Qa6 58.
Rc6+ Qa5 59. Rc7 Qa6 60. Rc6+ Qxc6 61. dxc6 Rc1 62. c7 Bxc4 63. Qd6+ Kg5 64. Qd2+ Kf6 65.
Qxc1 Ke7 66. Qxc4 Kd7 67. Qxc5 Kc8 68.
Ba6+ Kd7 69. c8=Q# 1-0